 Dungeon Crawl Stone Soup version 0.26.1-11-gd32895ea62 (webtiles) character file.

Game seed: 8907672966551294719

2117 H0rd4k the Insei (level 9, -3/54 HPs)
             Began as an Octopode Transmuter on May 26, 2021.
             Was an Initiate of Gozag.
             Killed from afar by an orc wizard (7 damage)
             ... with a magic dart
             ... on level 8 of the Dungeon.
             The game lasted 00:09:20 (9050 turns).

H0rd4k the Insei (Octopode Transmuter)              Turns: 9050, Time: 00:09:20

Health: -3/54      AC:  1    Str: 10    XL:     9   Next: 29%
Magic:  16/16      EV: 15    Int: 17    God:    Gozag
Gold:   581        SH:  0    Dex: 13    Spells: 13/17 levels left

rFire    . . .     SeeInvis .     - Unarmed
rCold    . . .     Faith    .   (no shield)
rNeg     . . .     Spirit   .   (helmet restricted)
rPois    .         Reflect  +   x - amulet of reflection
rElec    .         Harm     .   (no ring)
rCorr    .         Rampage  .   (no ring)
Will     .....                  (no ring)
Stlth    ++........             (no ring)
HPRegen  0.18/turn              (no ring)
MPRegen  0.15/turn              (no ring)
                                (no ring)
                                (no ring)

@: confused
A: almost no armour, stealthy swim, amphibious, 8 rings, constrict 8, camouflage
1, gelatinous body 1
a: Renounce Religion, Potion Petition, Call Merchant, Bribe Branch


You were on level 8 of the Dungeon.
You worshipped Gozag.
Gozag was pleased with you.
You visited 2 branches of the dungeon, and saw 9 of its levels.

You collected 667 gold pieces.
You paid 86 gold pieces to Gozag.

Inventory:

Hand Weapons
 C - the +5 flail of Chaos {drain, rPois rN+}
   (You found it on level 7 of the Dungeon)

   A truly terrible weapon, it drains the life of those it strikes.
   It protects you from poison.
   It protects you from negative energy.
Missiles
 l - 39 poisoned darts (quivered)
 y - 8 silver boomerangs
Magical Staves
 z - an uncursed staff of death
Jewellery
 x - an amulet of reflection (around mantle)
Wands
 A - a wand of random effects (11)
Scrolls
 d - 9 scrolls of teleportation {unknown}
 e - 2 scrolls of noise {unknown}
 f - 2 scrolls of enchant weapon {unknown}
 g - 5 scrolls of remove curse {unknown}
 k - 2 scrolls of fear {unknown}
 o - a scroll of immolation {unknown}
 p - a scroll of random uselessness {unknown}
 s - a scroll of amnesia {unknown}
 t - 3 scrolls of blinking {unknown}
 u - a scroll of magic mapping {unknown}
 v - a scroll of holy word {unknown}
 w - 2 scrolls of enchant armour {unknown}
 B - 2 scrolls of identify
Potions
 a - 2 potions of heal wounds {unknown}
 b - 3 potions of flight
 c - 5 potions of haste
 h - a potion of mutation
 i - 4 potions of curing
 j - 2 potions of attraction
 m - a potion of berserk rage {unknown}
 n - a potion of brilliance {unknown}
 q - a potion of resistance {unknown}
 r - 2 potions of degeneration {unknown}


   Skills:
 + Level 2.1 Fighting
 + Level 2.3 Throwing
 + Level 4.2 Dodging
 - Level 0.4 Stealth
 + Level 1.8 Shields
 + Level 7.9 Unarmed Combat
 * Level 4.7 Spellcasting
 * Level 5.2 Transmutations
 + Level 3.5 Poison Magic


You had 13 spell levels left.
You knew the following spells:

 Your Spells              Type           Power        Failure   Level
a - Beastly Appendage     Tmut           42%          1%          1
b - Spider Form           Tmut/Pois      9%           7%          3

Your spell library contained the following spells:

 Spells                   Type           Power        Failure   Level
 Wereblood                Tmut           21%          2%          2
 Passwall                 Tmut/Erth      10%          8%          2
 Sandblast                Erth           8%           14%         1
 Confusing Touch          Hex            4%           41%         3
 Gell's Gravitas          Tloc           2%           41%         3
 Stone Arrow              Conj/Erth      8%           41%         3
 Blade Hands              Tmut           10%          43%         5
 Ice Form                 Ice/Tmut       13%          45%         4
 Petrify                  Tmut/Erth      13%          45%         4
 Yara's Violent Unravell  Hex/Tmut       6%           80%         5
 Lee's Rapid Deconstruct  Erth           2%           99%         5
 Metabolic Englaciation   Hex/Ice        2%           99%         5


Dungeon Overview and Level Annotations

Branches:
Dungeon (8/15)             Temple (1/1) D:4
   Lair: D:8-11

Altars:
Ashenzari
Cheibriados
Dithmenos
Elyvilon
Fedhas
Gozag
Hepliaklqana
Kikubaaqudgha
Makhleb
Nemelex Xobeh
Okawaru
Qazlal
Sif Muna
Trog
Uskayaw
Vehumet
Xom
Yredelemnul
Zin
The Shining One

Shops:
D:8 [[

Annotations:
D:1 exclusion: downstairs
D:8 Joseph


Innate Abilities, Weirdness & Mutations

You cannot wear most types of armour.
You are very stealthy in the water. (Stealth+)
You are amphibious.
You can wear up to eight rings at the same time.
You can use your tentacles to constrict eight enemies at once.
Your skin changes colour to match your surroundings (Stealth+).
Your rubbery body absorbs attacks. (AC +1, EV +1)


Message History

Joseph becomes distracted by the nearby gold, dreaming of imaginary riches.
Joseph shouts!
You tentacle-slap the orc. You squeeze the orc.
You kill the orc!
Joseph is no longer distracted by gold.
You hear some strange, mumbled words.
You are more confused.
Unknown command.
Joseph unwields a +0 quarterstaff.
Joseph wields a +0 hunting sling.
Joseph shoots a sling bullet.
The sling bullet hits you!!
You see here a sling bullet.
Joseph shoots a sling bullet.
The sling bullet hits you!
* * * LOW HITPOINT WARNING * * *
Something hits you.
* * * LOW HITPOINT WARNING * * *
You see here a sling bullet.
A magic dart appears from out of thin air!
The magic dart hits you!
You die...
Your body crumbles into a pile of gold.

## #### ##.##..##
#.......#
#....@((#####
....#..##{.##.## .
##.....$#...## ##
#......$.....##..#
....#...##........#
.....##..##........#
.......##@##..#.#####
...........#.8###
#.....#####


There were no monsters in sight!

Vanquished Creatures
  Pikel (D:7)
  2 orc warriors
  3 sky beasts
  A black bear (D:7)
  3 ogres
  2 lemures (D:7)
  3 bullfrogs (D:7)
  A scorpion (D:2)
  2 orc priests
  2 hounds
  A bullfrog skeleton (D:6)
  6 orc wizards
  3 worker ants
  A hound skeleton (D:4)
  A worker ant zombie (D:6)
  4 gnolls (D:3)
  5 adders
  A shadow imp (D:5)
  A white imp (D:5)
  An adder skeleton (D:5)
  4 worms
  3 dart slugs
  20 orcs
  6 bats
  6 giant cockroaches
  5 goblins
  9 hobgoblins
  3 jackals (D:2)
  3 ball pythons
  6 frilled lizards
  A jackal skeleton (D:4)
  12 kobolds
  A leopard gecko skeleton (D:4)
  10 rats
133 creatures vanquished.

Vanquished Creatures (others)
  2 fungi (D:4)
  A plant (D:4)
3 creatures vanquished.

Grand Total: 136 creatures vanquished

Notes
Turn   | Place    | Note
-------+----------+-------------------------------------------
     0 | D:1      | H0rd4k the Octopode Transmuter began the quest for the Orb.
     0 | D:1      | Reached XP level 1. HP: 13/13 MP: 3/3
    40 | D:1      | Reached XP level 2. HP: 7/18 MP: 5/5
   567 | D:1      | Reached XP level 3. HP: 23/23 MP: 6/6
   571 | D:1      | Learned a level 3 spell: Spider Form
   928 | D:2      | Found a glowing golden altar of the Shining One.
   953 | D:2      | Noticed an ogre
   976 | D:2      | Killed an ogre
   977 | D:2      | Reached skill level 4 in Unarmed Combat
   977 | D:2      | Reached skill level 1 in Poison Magic
   977 | D:2      | Reached XP level 4. HP: 19/28 MP: 1/7
   977 | D:2      | Reached XP level 5. HP: 22/33 MP: 1/8
  1433 | D:2      | Noticed a sky beast
  1569 | D:2      | Killed a sky beast
  1570 | D:2      | Reached skill level 5 in Unarmed Combat
  1570 | D:2      | Reached XP level 6. HP: 29/38 MP: 5/10
  2954 | D:3      | Found a snail-covered altar of Cheibriados.
  3705 | D:4      | Reached XP level 7. HP: 34/43 MP: 7/11
  3713 | D:4      | Reached skill level 1 in Throwing
  4096 | D:4      | Found a broken altar of Ashenzari.
  4100 | D:4      | Saw a vision of the Swamp and the Spider Nest.
  4100 | D:4      | Noticed a redback
  4100 | D:4      | Noticed a wolf spider
  4100 | D:4      | Noticed a will-o-the-wisp
  4100 | D:4      | Noticed a redback
  4100 | D:4      | Noticed a vampire mosquito
  4100 | D:4      | Noticed a vampire mosquito
  4100 | D:4      | Noticed a hornet
  4100 | D:4      | Noticed a wolf spider
  4100 | D:4      | Noticed a will-o-the-wisp
  4100 | D:4      | Noticed a hornet
  4102 | D:4      | Noticed an alligator
  4145 | D:4      | Found a staircase to the Ecumenical Temple.
  4156 | Temple   | Entered the Ecumenical Temple
  4185 | Temple   | Became a worshipper of Gozag Ym Sagoz the Greedy
  4690 | D:4      | Found a radiant altar of Vehumet.
  5138 | D:4      | Reached skill level 6 in Unarmed Combat
  5249 | D:5      | Entered Level 5 of the Dungeon
  5314 | D:5      | Found an iron altar of Okawaru.
  5740 | D:5      | Found a hide-covered altar of Uskayaw.
  6258 | D:5      | Found a burning altar of Makhleb.
  6492 | D:6      | Found a burning altar of Makhleb.
  6512 | D:6      | Reached XP level 8. HP: 31/50 MP: 4/13
  6681 | D:6      | Found a glowing silver altar of Zin.
  6682 | D:6      | Found a sparkling altar of Nemelex Xobeh.
  6683 | D:6      | Found a shimmering altar of Xom.
  7288 | D:6      | Found a blossoming altar of Fedhas.
  7325 | D:6      | Found a bloodstained altar of Trog.
  7327 | D:6      | Found a sparkling altar of Nemelex Xobeh.
  7327 | D:6      | Found a shimmering altar of Xom.
  7329 | D:6      | Found a hazy altar of Hepliaklqana.
  7329 | D:6      | Found an opulent altar of Gozag.
  7329 | D:6      | Found a white marble altar of Elyvilon.
  7579 | D:7      | Reached skill level 7 in Unarmed Combat
  7685 | D:7      | Noticed Pikel
  7722 | D:7      | Killed Pikel
  7723 | D:7      | Found a hazy altar of Hepliaklqana.
  7724 | D:7      | Found a shadowy altar of Dithmenos.
  7933 | D:7      | Noticed a shadow
  8053 | D:7      | Reached skill level 5 in Transmutations
  8053 | D:7      | Reached XP level 9. HP: 54/54 MP: 11/15
  8488 | D:7      | Reached skill level 1 in Shields
  8731 | D:7      | Got a polished flail
  8732 | D:7      | Identified the +5 flail of Chaos {drain, rPois rN+} (You
                  | found it on level 7 of the Dungeon)
  8776 | D:8      | Found Aczicalu's Antique Armour Shop.
  9015 | D:8      | Found Fidiuge's Armour Shop.
  9044 | D:8      | Noticed Joseph
  9050 | D:8      | Killed from afar by an orc wizard

Illustrated notes

Levels and vault maps discovered:
D:1:      mrwooster_arrival_statue_2, layout_rooms
D:2:      layout_basic, nicolae_tso_carved_into_rock
D:3:      layout_rooms, kennysheep_slug_shrine
D:4:      layout_basic, kennysheep_mini, minmay_temple_entry_large_hall,
          grunt_ashenzari_visionary [grunt_ashenzari_visionary_swamp,
          grunt_ashenzari_visionary_spider]
D:5:      layout_loops_corners, eat_drink_and_be_merry_uskayaw,
          general_overflow_altar, old_standard_altar
D:6:      layout_basic, overflow_temple_1_default,
          chequers_temple_overflow_statue_of_worship, basic_altar,
          doesnt_xom_only_xom
D:7:      layout_loops_cross, riverfiend_overflow_shadow_ancestor, uniq_pikel
D:8:      layout_cave_pools, serial_shops, shop, nicolae_shop_trees, shop,
          nicolae_shop_waterfront, nicolae_shop_statue_plus,
          ebering_dispersal_statue_hall, uniq_maurice, uniq_harold, uniq_joseph
Temple:   compressed_dpeg_triangle_lava_temple

Skill      XL: |  1  2  3  4  5  6  7  8  9 |
---------------+----------------------------+-----
Unarmed Combat | 4 5 6 7 |  7.9
Poison Magic   | 1 2 3 |  3.5
Transmutations | 3 4 5 |  5.2
Spellcasting   | 3 4 |  4.7
Throwing       | 1 2 |  2.3
Dodging        | 3 4 |  4.2
Fighting       | 2 |  2.1
Shields        | 1 |  1.8
Stealth        | |  0.4

Action                   |  1- 3 |  4- 6 |  7- 9 || total
-------------------------+-------+-------+-------++-------
Melee: Unarmed           |    67 |   139 |   179 ||   385
       Constrict         |    18 |    21 |    16 ||    55
       Tentacles         |     8 |     9 |     9 ||    26
       Punch             |       |     3 |     3 ||     6
Throw: Dart              |       |    11 |    11 ||    22
 Cast: Spider Form       |     1 |     8 |    15 ||    24
  Use: Potion            |       |     1 |       ||     1
       Scroll            |       |       |     4 ||     4
 Stab: Sleeping          |     5 |     8 |     6 ||    19
       Distracted        |       |     1 |     1 ||     2
Armor: Skin              |     4 |     7 |     5 ||    16
Dodge: Dodged            |    43 |   105 |   115 ||   263
Block: Other             |       |       |    17 ||    17
